 Dungeon Crawl Stone Soup version 0.18.1-6-gd335043 (webtiles) character file.

25 Moloch the Poker (level 2, -1/26 HPs)
             Began as a Centaur Fighter on May 19, 2016.
             Slain by a goblin
             ... wielding a +0 club
             ... led by Robin
              (3 damage)
             ... on level 2 of the Dungeon.
             The game lasted 00:01:01 (1403 turns).

Moloch the Poker (Centaur Fighter)                  Turns: 1403, Time: 00:01:03

Health: -1/26      AC:  7    Str: 18    XL:     2   Next: 82%
Magic:  2/2        EV:  5    Int:  7    God:
Gold:   127        SH:  8    Dex:  8    Spells: 0 memorised, 1 level left

rFire  . . .     SeeInvis .     a - +0 trident
rCold  . . .     Gourm    .     b - +0 scale mail
rNeg   . . .     Faith    .     c - +0 shield
rPois  .         Spirit   .     (no helmet)
rElec  .         Dismiss  .     (no cloak)
rCorr  .         Reflect  .     o - +0 pair of gloves (curse)
SustAt .         Harm     .     (no barding)
MR     .....                    (no amulet)
Stlth  ..........               (no ring)
                                (no ring)

@: very quick, not resistant to hostile enchantments, extremely unstealthy
A: hooves 3, deformed body, speed 2, tough skin 3
a: no special abilities


You were on level 2 of the Dungeon.
You were not hungry.

You visited 1 branch of the dungeon, and saw 2 of its levels.

You collected 127 gold pieces.

Inventory:

Hand Weapons
 a - a +0 trident (weapon)
Armour
 b - a +0 scale mail (worn)
 c - a +0 shield (worn)
 o - a cursed +0 pair of gloves (worn)
Scrolls
 i - 2 scrolls of random uselessness {unknown}
 l - a scroll of fear {unknown}
 p - a scroll of identify {unknown}
Potions
 d - a potion of might
 e - 2 potions of curing {unknown}
 h - a potion of ambrosia {unknown}
 j - 2 potions of brilliance {unknown}
 q - a potion of agility {unknown}
Comestibles
 f - 3 bread rations
 g - a chunk of flesh
 k - a royal jelly
 m - a slice of pizza
 n - a beef jerky


   Skills:
 - Level 3.0 Fighting
 + Level 3.1 Polearms
 - Level 2.1 Armour
 - Level 2.1 Shields


You had one spell level left.
You didn't know any spells.

Dungeon Overview and Level Annotations

Branches:
Dungeon (2/15)

Altars:
Kikubaaqudgha
Vehumet

Annotations:
D:2 Robin


Innate Abilities, Weirdness & Mutations

You have hooves in place of feet.
Armour fits poorly on your strangely shaped body.
You cover ground very quickly.
You have extremely tough skin (AC +3).


Message History

The goblin hits you but does no damage. x2
Unknown command.
You closely miss the goblin.
The hobgoblin hits you but does no damage.
You block the goblin's attack. The goblin hits you but does no damage.
The hobgoblin barely misses you. The goblin hits you but does no damage.
The goblin hits you with a club.
Your shield and scale mail prevent you from hitting the goblin.
The hobgoblin hits you with a club.
* * * LOW HITPOINT WARNING * * *
The goblin barely misses you. The goblin hits you but does no damage.
You block the hobgoblin's attack. The goblin barely misses you.
You block the goblin's attack. The hobgoblin hits you with a club.
* * * LOW HITPOINT WARNING * * *
The goblin hits you with a dagger.
* * * LOW HITPOINT WARNING * * *
You closely miss the goblin. Your kick misses the goblin.
The goblin barely misses you. You block the hobgoblin's attack.
You block the goblin's attack. The goblin hits you with a club.
You die...

.....
#..##.#......##
....##..###.......[#
#....##.#........#
#...............#
##....##.........#
#.(.####..........
#.### ##.........
##g########.....#..
#g@gg.....#######..
#ggg...... ..
......gggg......
........g.......
................
................
................
................
.......#...$...


You could see Robin, 2 hobgoblins and 9 goblins.

Vanquished Creatures
  A dart slug (D:1)
  A giant gecko (D:1)
  2 bats (D:1)
  3 giant cockroaches
  3 goblins
  3 hobgoblins
  A giant newt (D:1)
  5 kobolds
  A rat (D:1)
20 creatures vanquished.

Notes
Turn   | Place    | Note
--------------------------------------------------------------
     0 | D:1      | Moloch the Centaur Fighter began the quest for the Orb.
     0 | D:1      | Reached XP level 1. HP: 19/19 MP: 1/1
   536 | D:1      | Reached XP level 2. HP: 26/26 MP: 2/2
  1295 | D:2      | Found an ancient bone altar of Kikubaaqudgha.
  1312 | D:2      | Found a radiant altar of Vehumet.
  1393 | D:2      | Noticed Robin
  1403 | D:2      | Slain by a goblin

Skill      XL: |  1  2 |
---------------+-------+-----
Polearms       | 2 3 |  3.1
Fighting       | |  3.0
Armour         | |  2.1
Shields        | |  2.1

Action                   || total
-------------------------++-------
Melee: Trident           ||    71
       Kick              ||     7
Armor: Scale mail        ||    31
Dodge: Dodged            ||    28
Block: Shield            ||    29
